 Dungeon Crawl Stone Soup version 0.22.0-60-ga52c2fc (webtiles) character file.

288 ichi404 the Covert (level 6, 0/30 HPs)
             Began as a Spriggan Assassin on Sept 10, 2018.
             Slain by an orc (1 damage)
             ... on level 5 of the Dungeon.
             The game lasted 00:23:21 (2696 turns).

ichi404 the Covert (Spriggan Assassin)              Turns: 2696, Time: 00:23:22

Health: 0/30       AC:  3    Str:  8    XL:     6   Next: 9%
Magic:  7/7        EV: 18    Int: 13    God:
Gold:   114        SH:  0    Dex: 18    Spells: 5/5 levels left

rFire    . . .     SeeInvis +   a - +2 dagger
rCold    . . .     Gourm    .   (shield restricted)
rNeg     . . .     Faith    .   c - +0 robe
rPois    .         Spirit   .   (helmet restricted)
rElec    .         Reflect  .   d - +0 cloak
rCorr    .         Harm     .   (gloves unavailable)
MR       +....                  (boots unavailable)
Stlth    ++++......             (no amulet)
HPRegen  0.10/turn              (no ring)
MPRegen  0.10/turn              (no ring)

@: very quick
A: very small, unfitting armour, see invisible, herbivore, speed 3, slow
metabolism 2
a: no special abilities


You were on level 5 of the Dungeon.
You were not hungry.

You visited 1 branch of the dungeon, and saw 5 of its levels.

You collected 114 gold pieces.

Inventory:

Hand Weapons
 a - a +2 dagger (weapon)
 b - a +0 blowgun
Missiles
 e - 14 poisoned needles
 f - 2 curare-tipped needles
Armour
 c - a +0 robe (worn)
 d - a +0 cloak (worn)
 o - a +0 robe
Wands
 j - a wand of scattershot (5)
 m - a wand of digging (16)
Scrolls
 k - 2 scrolls of teleportation
 q - a scroll of immolation {unknown}
Potions
 i - a potion of brilliance
 l - a potion of mutation {unknown}
 n - a potion of flight
 p - a potion of might
 r - a potion of agility {unknown}
Comestibles
 g - 5 rations


   Skills:
 + Level 2.3 Fighting
 + Level 3.8 Short Blades
 + Level 3.2 Throwing
 + Level 3.1 Dodging
 + Level 8.2 Stealth


You had 5 spell levels left.
You didn't know any spells.
Your spell library contained the following spells:

 Spells                   Type           Power        Failure   Level  Hunger
 Confusing Touch          Hex            #.....       30%         1    ##.....
 Confuse                  Hex            #.......     67%         3    ####...
 Gell's Gravitas          Tloc           #.........   67%         3    ####...
 Petrify                  Tmut/Erth      #.......     97%         4    #####..
 Metabolic Englaciation   Hex/Ice        #.........   100%        5    ######.
 Yara's Violent Unravell  Hex/Tmut       #.........   100%        5    ######.


Dungeon Overview and Level Annotations

Branches:
Dungeon (5/15)
 Temple: D:4-7

Altars:
Kikubaaqudgha
Yredelemnul


Innate Abilities, Weirdness & Mutations

You are very small and have problems with some larger weapons.
You are too small for most types of armour.
You have supernaturally acute eyesight. (SInv)
You are a herbivore.
You cover ground extremely quickly.
You need to consume almost no food.


Message History

You feel better.
You kill the kobold!
a - a +2 dagger (weapon)
The orc completely misses you.
You closely miss the orc.
The orc is heavily wounded.
The orc priest calls upon Beogh to heal the orc.
The orc's wounds heal themselves!
The orc hits you but does no damage.
You hit the orc.
The orc is moderately wounded.
You hit the orc.
The orc is heavily wounded.
The orc completely misses you.
A kobold comes into view.
The orc priest invokes the aid of Beogh against you.
Beogh smites you!
Ouch! That really hurt!
* * * LOW HITPOINT WARNING * * *
The orc hits you.
You die...

#≈≈≈≈≈≈≈≈≈# ###############
#≈≈≈≈≈≈≈≈≈#####≈≈≈≈≈≈≈≈≈≈≈≈≈≈
#≈≈≈≈≈≈≈≈≈≈≈≈≈≈≈≈≈≈≈≈≈≈≈≈≈≈≈≈≈≈
#≈≈≈≈≈≈≈≈≈≈≈≈≈≈≈≈≈≈≈≈≈≈≈≈≈≈≈≈≈≈
#≈≈≈...≈≈...≈.≈≈...≈≈.≈.≈≈.≈.≈≈
#..............................
#...........(.................o
#######.....(..o...............
########@..(.#..#.##..#..
#>.......(..)...()..(
######...o((K(........
#...........#..#.##...
#.########<......##... #.#
#..#..#.##.## #####.#
#..........## #.....#
###.#.......##
#.#.#.#######......######.


You could see an orc priest, an orc and a kobold (wandering).

Vanquished Creatures
  An ogre (D:5)
  An orc priest (D:5)
  Ijyb (D:3)
  6 adders
  4 gnolls (D:4)
  An adder zombie (D:5)
  A worm (D:5)
  A leopard gecko (D:3)
  An orc (D:5)
  2 giant cockroaches
  7 goblins
  3 hobgoblins (D:1)
  8 jackals
  4 kobolds
  6 bats
  9 frilled lizards
  A rat (D:1)
57 creatures vanquished.

Notes
Turn   | Place    | Note
-------+----------+-------------------------------------------
     0 | D:1      | ichi404 the Spriggan Assassin began the quest for the Orb.
     0 | D:1      | Reached XP level 1. HP: 10/10 MP: 2/2
    41 | D:1      | Reached skill level 6 in Stealth
   144 | D:1      | Reached XP level 2. HP: 9/15 MP: 3/3
   626 | D:2      | Reached XP level 3. HP: 18/18 MP: 4/4
   681 | D:2      | Reached skill level 7 in Stealth
   897 | D:3      | Noticed Ijyb
   904 | D:3      | Killed Ijyb
   912 | D:3      | Reached XP level 4. HP: 19/23 MP: 5/5
   935 | D:3      | Found an ancient bone altar of Kikubaaqudgha.
  1828 | D:4      | Reached XP level 5. HP: 21/26 MP: 6/6
  2204 | D:4      | Found a basalt altar of Yredelemnul.
  2426 | D:5      | Entered Level 5 of the Dungeon
  2516 | D:5      | Noticed an ogre
  2537 | D:5      | Killed an ogre
  2537 | D:5      | Reached skill level 8 in Stealth
  2569 | D:5      | Noticed a sky beast
  2667 | D:5      | Reached XP level 6. HP: 15/30 MP: 7/7
  2695 | D:5      | HP: 1/30 [orc priest/divine providence (16)]
  2696 | D:5      | Slain by an orc

Skill      XL: |  1  2  3  4  5 |
---------------+----------------+-----
Stealth        | 6 7 8 |  8.2
Short Blades   | 3 |  3.8
Dodging        | 2 3 |  3.1
Fighting       | 2 |  2.3
Throwing       | 3 |  3.2

Action                   |  1- 3 |  4- 6 || total
-------------------------+-------+-------++-------
Melee: Dagger            |   118 |    80 ||   198
 Fire: Blowgun           |       |    33 ||    33
  Use: Scroll            |     3 |     2 ||     5
       Potion            |       |     5 ||     5
 Stab: Sleeping          |     6 |     5 ||    11
       Distracted        |       |     1 ||     1
  Eat: Ration            |     1 |       ||     1
Armor: Robe              |    21 |     6 ||    27
Dodge: Dodged            |    82 |    52 ||   134
